[Event "Gideon Japhet ACP Open 2018"]
[Site "Jerusalem"]
[Date "2018.07.02"]
[Round "2"]
[White "Agrest, Inna"]
[Black "Muzychuk, Mariya"]
[Result "1/2-1/2"]
[ECO "B33"]
[WhiteElo "2303"]
[BlackElo "2521"]
[Annotator "ChessBase"]
[PlyCount "113"]
[EventDate "2018.07.01"]
[EventType "swiss"]
[EventCountry "ISR"]
[SourceTitle "playchess.com"]
[Source "ChessBase"]
[SourceQuality "1"]
[TimeControl "40/5400+30:1800+30"]

1. e4 c5 2. Nf3 Nc6 3. d4 cxd4 4. Nxd4 Nf6 5. Nc3 e5 6. Ndb5 d6 7. Bg5 a6 8. Na3 b5 9. Nd5 Be7 10. Nxe7 Nxe7 11. Bd3 Ng6 12. c4 h6 13. Bd2 O-O 14. O-O Bb7 15. Re1 bxc4 16. Nxc4 a5 17. Be3 d5 18. exd5 Qxd5 19. Bf1 Qe6 20. Qd6 Qf5 21. Qc7 Ba6 22. Rac1 Nd5 23. Qc5 Nxe3 24. Qxe3 Bxc4 25. Rxc4 Rfd8 26. g3 Rab8 27. b3 Rb4 28. Qe4 Qxe4 29. Rexe4 Rdb8 30. h4 f6 31. Re1 Rxc4 32. Bxc4+ Kf8 33. Rd1 e4 34. Rd5 Ne5 35. Rxa5 Nxc4 36. bxc4 Rb1+ 37. Kg2 Rb2 38. Kf1 Rc2 39. c5 g5 40. h5 Kf7 41. Ra4 f5 42. Ra7+ Kg8 43. Ra6 Rxc5 44. Rxh6 f4 45. Re6 Rc1+ 46. Ke2 Rc2+ 47. Ke1 e3 48. fxe3 fxg3 49. Kf1 Rxa2 50. Rg6+ Kh7 51. Rxg5 Rf2+ 52. Kg1 Rf3 53. e4 Kh6 54. Re5 Rf2 55. Rd5 Re2 56. Re5 Rf2 57. Rd5 1/2-1/2

[Event "Gideon Japhet ACP Open 2018"]
[Site "Jerusalem"]
[Date "2018.07.02"]
[Round "2"]
[White "Zisman, Philip"]
[Black "Caspi, Israel"]
[Result "1-0"]
[ECO "A81"]
[WhiteElo "2293"]
[BlackElo "2479"]
[Annotator "ChessBase"]
[PlyCount "79"]
[EventDate "2018.07.01"]
[EventType "swiss"]
[EventCountry "ISR"]
[SourceTitle "playchess.com"]
[Source "ChessBase"]
[SourceQuality "1"]
[TimeControl "40/5400+30:1800+30"]

1. d4 f5 2. g3 Nf6 3. Bg2 g6 4. Nh3 Bg7 5. c3 Nc6 6. Qb3 d5 7. Nf4 e6 8. Nd2 Qe7 9. Nf3 Ne4 10. Nd3 b6 11. Bf4 O-O 12. h4 Bb7 13. Nfe5 Na5 14. Qb4 Qd8 15. Qa4 Rc8 16. f3 Nd6 17. Bg5 Qe8 18. Qxe8 Rfxe8 19. Bf4 Bf6 20. g4 fxg4 21. fxg4 Ne4 22. g5 Bg7 23. h5 gxh5 24. Rxh5 c5 25. dxc5 bxc5 26. O-O-O c4 27. Bxe4 dxe4 28. Nf2 Rf8 29. g6 h6 30. Nf7 Bd5 31. Ng4 Nc6 32. Ngxh6+ Bxh6 33. Bxh6 Rxf7 34. gxf7+ Kxf7 35. Rf1+ Ke7 36. Bf4 Rg8 37. Rh7+ Ke8 38. Be3 a6 39. Rff7 Kd8 40. Rc7 1-0

[Event "Gideon Japhet ACP Open 2018"]
[Site "Jerusalem"]
[Date "2018.07.02"]
[Round "2"]
[White "Cohen Revivo, Shoham"]
[Black "Gorodetzky, David"]
[Result "1/2-1/2"]
[ECO "C02"]
[WhiteElo "2248"]
[BlackElo "2460"]
[Annotator "ChessBase"]
[PlyCount "91"]
[EventDate "2018.07.01"]
[EventType "swiss"]
[EventCountry "ISR"]
[SourceTitle "playchess.com"]
[Source "ChessBase"]
[SourceQuality "1"]
[TimeControl "40/5400+30:1800+30"]

1. e4 e6 2. d4 d5 3. e5 c5 4. c3 Nc6 5. Nf3 Bd7 6. Be2 Nge7 7. Na3 cxd4 8. cxd4 Nf5 9. Nc2 Qb6 10. O-O Na5 11. b3 Bb5 12. Bb2 Nc6 13. Ne3 Nxe3 14. fxe3 Be7 15. Ne1 O-O 16. Nd3 a5 17. Nf4 a4 18. Nh5 axb3 19. Qxb3 Nb4 20. Bxb5 Qxb5 21. Bc3 Qd3 22. Bxb4 Qxb3 23. axb3 Bxb4 24. Nf4 Bc3 25. Rxa8 Rxa8 26. Nd3 b5 27. Kf2 h5 28. Rc1 b4 29. Rc2 Ra1 30. Nc5 Rb1 31. Ra2 g5 32. Rc2 g4 33. Na4 Rxb3 34. Nxc3 bxc3 35. Ke2 h4 36. Kd3 Rb1 37. Rf2 Rg1 38. Kxc3 Kg7 39. Kd3 g3 40. hxg3 hxg3 41. Re2 Ra1 42. Rd2 Kg6 43. Ke2 Kg5 44. Rd1 Rxd1 45. Kxd1 Kf5 46. Kd2 1/2-1/2

[Event "Gideon Japhet ACP Open 2018"]
[Site "Jerusalem"]
[Date "2018.07.02"]
[Round "2"]
[White "Golberg, Igor"]
[Black "Raiko, Yossi"]
[Result "1-0"]
[ECO "E73"]
[WhiteElo "2132"]
[BlackElo "1887"]
[Annotator "NA"]
[PlyCount "93"]
[EventDate "2018.07.01"]
[EventType "swiss"]
[EventCountry "ISR"]
[SourceTitle "playchess.com"]
[Source "ChessBase"]
[SourceQuality "1"]
[TimeControl "40/5400+30:1800+30"]

1. d4 Nf6 2. c4 g6 3. Nc3 Bg7 4. e4 d6 5. Be2 O-O 6. Bg5 h6 7. Be3 e5 8. d5 a5 9. Qd2 Kh7 10. h4 Ng4 {[%emt 0:04:31] E73: King's Indian: Averbakh Variation without 6...c5} (10... Na6 11. h5 g5 12. f3 c6 13. g4 cxd5 14. cxd5 Nd7 15. Bc4 Nac5 16. Nge2 Nb6 17. Bb5 Bd7 18. Bxc5 dxc5 {1-0 (40) Khismatullin,D (2632)-El Adnani,M (2448) Riadh 2017}) 11. Bxg4 Bxg4 12. f3 Bc8 13. h5 g5 14. g4 Na6 15. Nge2 b6 $146 ({Predecessor:} 15... f6 16. O-O Rf7 17. Nb5 b6 18. b3 {1-0 (48) Konieczynski,P (1903)-Sciborowski,M (2006) Poronin 2017}) 16. O-O Nc5 17. b3 Rg8 18. Ng3 Bf8 19. Qc2 f6 20. a3 Bd7 21. b4 Nb7 22. Nf5 Qe8 23. Nb5 Qd8 24. Qf2 Bg7 25. Rfc1 Rf8 26. Nxc7 Qxc7 27. Bxb6 Qb8 28. Nxg7 Kxg7 29. c5 axb4 30. axb4 Rxa1 31. Rxa1 dxc5 32. bxc5 Qc8 33. Ra7 Rf7 34. Qa2 Bxg4 35. Ra8 Qd7 36. c6 $18 ({Lieber nicht} 36. fxg4 Qxg4+ 37. Qg2 Qd1+ 38. Qf1 (38. Kh2 Qxh5+ 39. Kg1 Qd1+ 40. Kh2 Qd4 $15) 38... Qd4+ 39. Kh2 Nxc5 $11) 36... Qd6 37. fxg4 Qb4 38. Qf2 Qxe4 39. Qf5 Qe1+ 40. Kg2 Qd2+ 41. Bf2 Qxd5+ 42. Kh2 Nd8 43. Qg6+ Kf8 44. Rxd8+ Qxd8 45. Bc5+ Re7 46. Qxf6+ Ke8 47. Qh8+ 1-0

[Event "Gideon Japhet ACP Open 2018"]
[Site "Jerusalem"]
[Date "2018.07.02"]
[Round "2"]
[White "Gorodetzky, Matan"]
[Black "Kobo, Ori"]
[Result "1/2-1/2"]
[ECO "B06"]
[WhiteElo "2060"]
[BlackElo "2508"]
[Annotator "ChessBase"]
[PlyCount "95"]
[EventDate "2018.07.01"]
[EventType "swiss"]
[EventCountry "ISR"]
[SourceTitle "playchess.com"]
[Source "ChessBase"]
[SourceQuality "1"]
[TimeControl "40/5400+30:1800+30"]

1. e4 g6 2. d4 Bg7 3. h3 c5 4. c3 cxd4 5. cxd4 d5 6. e5 Nc6 7. Nc3 e6 8. Nf3 Nge7 9. g4 O-O 10. Be2 f6 11. exf6 Rxf6 12. Be3 a6 13. O-O b5 14. Rc1 Bd7 15. Qd2 Qf8 16. Kg2 h6 17. Ne5 Nxe5 18. dxe5 Rf7 19. f4 Qb8 20. Bf3 g5 21. fxg5 Ng6 22. Bxd5 Rxf1 23. Rxf1 hxg5 24. Be4 Nxe5 25. Bd4 Qd8 26. Rd1 Bc6 27. Bxc6 Nxc6 28. Bxg7 Qxd2+ 29. Rxd2 Kxg7 30. Rd7+ Kf6 31. Ne4+ Ke5 32. Nxg5 Rc8 33. Kg3 Nb4 34. Nf3+ Kf6 35. g5+ Kg6 36. Rd6 Kf5 37. a3 Nd5 38. Rxa6 e5 39. Rd6 Nf4 40. Rf6+ Ke4 41. Rb6 Rc2 42. Nh4 Rxb2 43. g6 Rb1 44. Ra6 Ra1 45. Nf3 Kf5 46. Nh4+ Ke4 47. Kh2 Ra2+ 48. Kg3 1/2-1/2

[Event "Gideon Japhet ACP Open 2018"]
[Site "Jerusalem"]
[Date "2018.07.02"]
[Round "2"]
[White "Zlotogorsky, Itay"]
[Black "Shvayger, Yuliya"]
[Result "0-1"]
[ECO "B24"]
[WhiteElo "1822"]
[BlackElo "2409"]
[Annotator "ChessBase"]
[PlyCount "86"]
[EventDate "2018.07.01"]
[EventType "swiss"]
[EventCountry "ISR"]
[SourceTitle "playchess.com"]
[Source "ChessBase"]
[SourceQuality "1"]
[TimeControl "40/5400+30:1800+30"]

1. e4 c5 2. Nc3 Nc6 3. g3 g6 4. Bg2 Bg7 5. f4 d6 6. d3 e6 7. Nf3 Nge7 8. O-O O-O 9. Be3 Nd4 10. Qd2 Rb8 11. a4 Nec6 12. Rab1 a6 13. Ne2 b5 14. axb5 axb5 15. Nfxd4 Nxd4 16. c3 Nxe2+ 17. Qxe2 b4 18. e5 Bb7 19. d4 Bxg2 20. Qxg2 bxc3 21. bxc3 Rxb1 22. Rxb1 dxe5 23. fxe5 Qa5 24. Qb2 h5 25. dxc5 Bxe5 26. Bd4 Bg7 27. Bxg7 Kxg7 28. Qb4 Qc7 29. Qd4+ e5 30. Qd6 Rc8 31. Rb5 Qxd6 32. cxd6 Kf6 33. d7 Rd8 34. Kf2 Rxd7 35. Ke3 Kf5 36. Rb2 Rc7 37. Kd3 e4+ 38. Kd4 Rd7+ 39. Kc4 e3 40. Kc5 Ke4 41. Kc6 Re7 42. c4 Kd3 43. c5 e2 0-1

[Event "Gideon Japhet ACP Open 2018"]
[Site "Jerusalem"]
[Date "2018.07.02"]
[Round "3"]
[White "Muzychuk, Mariya"]
[Black "Parkhov, Yair"]
[Result "1-0"]
[ECO "B18"]
[WhiteElo "2521"]
[BlackElo "2364"]
[Annotator "ChessBase"]
[PlyCount "77"]
[EventDate "2018.07.01"]
[EventType "swiss"]
[EventCountry "ISR"]
[SourceTitle "playchess.com"]
[Source "ChessBase"]
[SourceQuality "1"]
[TimeControl "40/5400+30:1800+30"]

1. e4 c6 2. d4 d5 3. Nc3 dxe4 4. Nxe4 Bf5 5. Ng3 Bg6 6. h4 h6 7. Nf3 e6 8. Ne5 Bh7 9. Bd3 Bxd3 10. Qxd3 Nf6 11. Bf4 Qa5+ 12. c3 Qa6 13. Qf3 Nbd7 14. Nxd7 Nxd7 15. Ne4 Nf6 16. Nd6+ Bxd6 17. Bxd6 Qb5 18. Be5 Qd5 19. Qg3 Qe4+ 20. Kf1 Nh5 21. Qh3 O-O-O 22. Re1 Qg6 23. Qf3 Rhf8 24. g4 Nf6 25. Rg1 Nd5 26. h5 Qh7 27. Bh2 Nc7 28. Qf4 Na6 29. Re5 Qb1+ 30. Kg2 Qxa2 31. b4 Rd5 32. Rge1 Rxe5 33. Rxe5 b5 34. c4 f6 35. cxb5 Rd8 36. Rc5 e5 37. Qf5+ Kb8 38. bxa6 Rxd4 39. Bxe5+ 1-0

[Event "Gideon Japhet ACP Open 2018"]
[Site "Jerusalem"]
[Date "2018.07.02"]
[Round "3"]
[White "Gorodetzky, David"]
[Black "Agrest, Inna"]
[Result "1-0"]
[ECO "A05"]
[WhiteElo "2460"]
[BlackElo "2303"]
[Annotator "ChessBase"]
[PlyCount "81"]
[EventDate "2018.07.01"]
[EventType "swiss"]
[EventCountry "ISR"]
[SourceTitle "playchess.com"]
[Source "ChessBase"]
[SourceQuality "1"]
[TimeControl "40/5400+30:1800+30"]

1. Nf3 Nf6 2. b3 g6 3. Bb2 Bg7 4. g3 O-O 5. Bg2 d6 6. d4 Nbd7 7. O-O c5 8. c4 Rb8 9. Qc2 a6 10. Rd1 Qc7 11. Nc3 b5 12. cxb5 axb5 13. Rac1 c4 14. d5 b4 15. Na4 c3 16. Ba1 Nc5 17. Nd4 Bh6 18. e3 Bg4 19. Re1 e5 20. dxe6 fxe6 21. a3 e5 22. Nc6 Bf5 23. Qa2 Nd3 24. Nxb8 Qxb8 25. axb4 c2 26. Qxc2 Nxe1 27. Qc4+ Kg7 28. Rxe1 Rc8 29. Bc6 Be4 30. b5 Bd5 31. Qc3 Bxb3 32. Qxb3 Rxc6 33. Qe6 Qxb5 34. Qe7+ Kg8 35. Nc3 Rxc3 36. Bxc3 Nd5 37. Qe6+ Kg7 38. Bxe5+ dxe5 39. Qxe5+ Kf7 40. Rd1 Bg7 41. Qxd5+ 1-0

[Event "Gideon Japhet ACP Open 2018"]
[Site "Jerusalem"]
[Date "2018.07.02"]
[Round "3"]
[White "Kantsler, Boris"]
[Black "Cohen Revivo, Shoham"]
[Result "1-0"]
[ECO "A40"]
[WhiteElo "2422"]
[BlackElo "2248"]
[Annotator "NA"]
[PlyCount "71"]
[EventDate "2018.07.01"]
[EventType "swiss"]
[EventCountry "ISR"]
[SourceTitle "playchess.com"]
[Source "ChessBase"]
[SourceQuality "1"]
[TimeControl "40/5400+30:1800+30"]

1. d4 e6 2. c4 b6 3. Nc3 Bb7 4. Nf3 Bb4 5. e3 f5 6. Qb3 Bxc3+ 7. Qxc3 Nf6 8. Be2 O-O 9. b3 Ne4 10. Qc2 d6 11. Bb2 Nd7 12. O-O Ndf6 13. Nd2 Nxd2 14. Qxd2 Ne4 15. Qc1 Qg5 16. f3 Nf6 17. Qd2 Rae8 18. Rae1 c5 19. dxc5 dxc5 20. Be5 Rd8 21. Qc3 Rd7 22. Rd1 Rfd8 23. Rxd7 Rxd7 24. Rd1 Rxd1+ 25. Bxd1 Nd7 26. Bd6 Qf6 27. Qxf6 Nxf6 28. Bb8 Nd7 29. Bc7 Kf7 30. Kf2 e5 31. h3 Ke6 32. g4 g6 33. Kg3 Bc6 34. Bc2 b5 35. Bd3 b4 36. g5 {[%emt 0:02:28] Kd5} 1-0

[Event "Gideon Japhet ACP Open 2018"]
[Site "Jerusalem"]
[Date "2018.07.02"]
[Round "3"]
[White "Kudischewitsch, David"]
[Black "Solomon, Asif"]
[Result "1-0"]
[ECO "A45"]
[WhiteElo "2356"]
[BlackElo "2184"]
[Annotator "NA"]
[PlyCount "118"]
[EventDate "2018.07.01"]
[EventType "swiss"]
[EventCountry "ISR"]
[SourceTitle "playchess.com"]
[Source "ChessBase"]
[SourceQuality "1"]
[TimeControl "40/5400+30:1800+30"]

1. d4 Nf6 2. c3 g6 3. Bf4 Bg7 4. e3 d6 5. h3 O-O 6. Nf3 c5 7. Bh2 b6 8. Be2 Bb7 9. O-O Nbd7 10. Qb3 Qc7 11. a4 a6 12. Na3 Rfb8 13. Rfd1 Ne4 14. d5 Rd8 15. Qc2 Ndf6 16. Qb3 Bc8 17. Ne1 Ne8 18. Nd3 e5 19. dxe6 Bxe6 20. Qc2 Qb7 21. Nf4 d5 22. c4 Bf5 23. g4 Nxf2 24. gxf5 Nxd1 25. Rxd1 dxc4 26. fxg6 hxg6 27. Bxc4 Qe7 28. Rf1 Qxe3+ 29. Kh1 Nf6 30. Qxg6 Qe4+ 31. Qxe4 Nxe4 32. Bd5 Nd2 33. Rf2 Bxb2 34. Nb1 Nxb1 35. Rxb2 Nc3 36. Bxa8 Rxa8 37. Rxb6 Nxa4 38. Rc6 a5 39. Nd3 Rd8 40. Nxc5 Rd1+ 41. Bg1 Rc1 42. Rc8+ Kh7 43. Rc7 Nxc5 44. Rxc5 Rxc5 45. Bxc5 Kg6 46. Kg2 Kh5 47. Be7 a4 48. Ba3 Kh4 49. Bc1 Kh5 50. Kg3 f5 51. Kf3 Kh4 52. Kg2 Kh5 53. Kg3 Kg6 54. Kh4 Kf6 55. Kh5 Ke5 56. Kg5 Ke4 57. h4 f4 58. Bxf4 a3 59. Bc1 Kd5 1-0

[Event "Gideon Japhet ACP Open 2018"]
[Site "Jerusalem"]
[Date "2018.07.02"]
[Round "3"]
[White "Zisman, Philip"]
[Black "Boruchovsky, Avital"]
[Result "1/2-1/2"]
[ECO "A45"]
[WhiteElo "2293"]
[BlackElo "2558"]
[Annotator "ChessBase"]
[PlyCount "102"]
[EventDate "2018.07.01"]
[EventType "swiss"]
[EventCountry "ISR"]
[SourceTitle "playchess.com"]
[Source "ChessBase"]
[SourceQuality "1"]
[TimeControl "40/5400+30:1800+30"]

1. d4 Nf6 2. Bg5 d5 3. Bxf6 gxf6 4. e3 c5 5. c3 Nc6 6. g3 e6 7. Bg2 Qc7 8. Ne2 b6 9. Nd2 Bb7 10. Nf4 O-O-O 11. Qa4 Kb8 12. O-O-O h5 13. h4 cxd4 14. exd4 Nxd4 15. Qxd4 e5 16. Qd3 exf4 17. gxf4 Qxf4 18. Qf3 Qxf3 19. Bxf3 Bc5 20. Rh2 d4 21. Bxb7 Kxb7 22. Ne4 dxc3 23. bxc3 Ba3+ 24. Kc2 Rxd1 25. Kxd1 f5 26. Ng5 f6 27. Ne6 Rg8 28. Rh3 Rg4 29. Kc2 a5 30. Rf3 Rxh4 31. Rxf5 Rh1 32. Rxf6 h4 33. Kb3 Bd6 34. Ng5 Bc7 35. Rf3 Rb1+ 36. Kc2 Rg1 37. Ne6 Bd6 38. Nd4 Rh1 39. Rf7+ Ka6 40. a4 h3 41. Rd7 Bf4 42. Ne2 Bb8 43. Nd4 Bf4 44. Ne2 Bb8 45. Nd4 b5 46. axb5+ Kb6 47. Rh7 h2 48. Rh6+ Kb7 49. Rh7+ Kb6 50. Rh6+ Kb7 51. Rh7+ Kb6 1/2-1/2

[Event "Gideon Japhet ACP Open 2018"]
[Site "Jerusalem"]
[Date "2018.07.02"]
[Round "3"]
[White "Gleizer, Mark"]
[Black "Oratovsky, Michael"]
[Result "0-1"]
[ECO "A41"]
[WhiteElo "2161"]
[BlackElo "2461"]
[Annotator "ChessBase"]
[PlyCount "76"]
[EventDate "2018.07.01"]
[EventType "swiss"]
[EventCountry "ISR"]
[SourceTitle "playchess.com"]
[Source "ChessBase"]
[SourceQuality "1"]
[TimeControl "40/5400+30:1800+30"]

1. d4 d6 2. e4 Nf6 3. f3 d5 4. e5 Nfd7 5. e6 fxe6 6. f4 c5 7. c3 cxd4 8. cxd4 g6 9. Nf3 Bg7 10. h4 Nc6 11. h5 Qb6 12. hxg6 hxg6 13. Rxh8+ Bxh8 14. Bd3 Nf8 15. Be3 Qxb2 16. Nbd2 Qc3 17. Ke2 Nb4 18. Bb5+ Bd7 19. Bxd7+ Nxd7 20. Rb1 Qd3+ 21. Kf2 Nc6 22. Rb3 Qa6 23. Qb1 O-O-O 24. Rb2 g5 25. Nb3 gxf4 26. Bxf4 Rf8 27. Qc1 Qd3 28. Re2 Qf5 29. g3 e5 30. dxe5 Ndxe5 31. Ne1 Ng6 32. Rc2 Nxf4 33. Rxc6+ Kb8 34. gxf4 bxc6 35. Ng2 Qf6 36. Qc5 Qb2+ 37. Kg1 Rg8 38. Qb4+ Kc8 0-1

[Event "Gideon Japhet ACP Open 2018"]
[Site "Jerusalem"]
[Date "2018.07.02"]
[Round "3"]
[White "Bronfman, Shmuel"]
[Black "Erenberg, Ariel"]
[Result "0-1"]
[ECO "D29"]
[WhiteElo "2108"]
[BlackElo "2393"]
[Annotator "NA"]
[PlyCount "90"]
[EventDate "2018.07.01"]
[EventType "swiss"]
[EventCountry "ISR"]
[SourceTitle "playchess.com"]
[Source "ChessBase"]
[SourceQuality "1"]
[TimeControl "40/5400+30:1800+30"]

1. d4 d5 2. c4 dxc4 3. e3 Nf6 4. Bxc4 a6 5. Nf3 e6 6. O-O c5 7. Qe2 b5 8. Bb3 Bb7 9. a4 Nbd7 10. Rd1 c4 11. Bc2 Be7 12. e4 O-O 13. Nbd2 Qc7 14. e5 Nd5 15. Ne4 h6 16. Ng3 Rfc8 17. Qe4 Nf8 18. Qg4 f5 19. Bxf5 exf5 20. Nxf5 g6 21. Nxh6+ Kh7 22. Re1 c3 23. bxc3 Qxc3 24. Bd2 Qc2 25. Rac1 Qd3 26. Qh3 Kg7 27. Ng4 Rxc1 28. Bxc1 Bc8 29. Bh6+ Kg8 30. Bxf8 Bxf8 31. e6 Ra7 32. Qg3 Qf5 33. Nge5 Rg7 34. Nf7 Qf4 35. N7g5 Qxg3 36. hxg3 bxa4 37. Ne5 Bb4 38. Rc1 Rc7 39. Ra1 a3 40. Nd3 a5 41. Nc5 Nc3 42. f4 Ne2+ 43. Kf2 Nxd4 44. Nce4 Nxe6 45. Nf6+ Kf8 0-1

[Event "Gideon Japhet ACP Open 2018"]
[Site "Jerusalem"]
[Date "2018.07.02"]
[Round "3"]
[White "Ben Ari, Yannay"]
[Black "Gruenfeld, Yehuda"]
[Result "0-1"]
[ECO "B23"]
[WhiteElo "2069"]
[BlackElo "2419"]
[Annotator "NA"]
[PlyCount "100"]
[EventDate "2018.07.01"]
[EventType "swiss"]
[EventCountry "ISR"]
[SourceTitle "playchess.com"]
[Source "ChessBase"]
[SourceQuality "1"]
[TimeControl "40/5400+30:1800+30"]

1. e4 c5 2. Nc3 e6 3. g3 Nc6 4. Bg2 Nf6 5. Nge2 d5 6. exd5 exd5 7. d4 cxd4 8. Nxd4 Bg4 9. f3 Bd7 10. O-O Be7 11. Be3 O-O 12. Kh1 Re8 13. Bg1 Bb4 14. Nce2 Ne5 15. b3 Rc8 16. f4 Neg4 17. Qd3 Ne4 18. h3 Ngf6 19. g4 Nc3 20. a3 Ba5 21. b4 Nxe2 22. Nxe2 Bb6 23. Nc3 Bxg1 24. Rxg1 Nxg4 25. hxg4 Qh4+ 26. Bh3 d4 27. Qg3 Qxg3 28. Rxg3 dxc3 29. Rd1 Bb5 30. Kg1 Kf8 31. Bf1 Bxf1 32. Kxf1 Re4 33. f5 h5 34. gxh5 Rf4+ 35. Kg2 Rxf5 36. Rdd3 Rxh5 37. Rxc3 Rxc3 38. Rxc3 Rd5 39. Rc7 b5 40. Kf3 a6 41. Rc6 Rd2 42. Ke3 Rh2 43. Rxa6 Rxc2 44. Ra5 g6 45. Kf4 Rc3 46. Rxb5 Rxa3 47. Rb7 Kg7 48. Kg5 Re3 49. b5 Re4 50. b6 Rb4 0-1

[Event "Gideon Japhet ACP Open 2018"]
[Site "Jerusalem"]
[Date "2018.07.02"]
[Round "3"]
[White "Nissim, Yonatan"]
[Black "Melia, Salome"]
[Result "0-1"]
[ECO "E32"]
[WhiteElo "1992"]
[BlackElo "2392"]
[Annotator "NA"]
[PlyCount "48"]
[EventDate "2018.07.01"]
[EventType "swiss"]
[EventCountry "ISR"]
[SourceTitle "playchess.com"]
[Source "ChessBase"]
[SourceQuality "1"]
[TimeControl "40/5400+30:1800+30"]

1. d4 Nf6 2. c4 e6 3. Nc3 Bb4 4. Qc2 d6 5. Nf3 Nbd7 6. g3 b6 7. Bg2 Bb7 8. O-O O-O 9. Rd1 a6 10. a3 Bxc3 11. Qxc3 b5 12. c5 Be4 13. b4 Nd5 14. Qb3 h6 15. Bb2 f5 16. Nd2 Bxg2 17. Kxg2 Qe8 18. e3 Qh5 19. Qd3 f4 20. e4 fxg3 21. fxg3 Rf2+ 22. Kxf2 Qxh2+ 23. Ke1 Rf8 24. Nf3 Qxg3+ 0-1

[Event "Gideon Japhet ACP Open 2018"]
[Site "Jerusalem"]
[Date "2018.07.02"]
[Round "3"]
[White "Aizenberg, Benny"]
[Black "Bagrationi, Alexander"]
[Result "0-1"]
[ECO "B60"]
[WhiteElo "1887"]
[BlackElo "2539"]
[Annotator "ChessBase"]
[PlyCount "108"]
[EventDate "2018.07.01"]
[EventType "swiss"]
[EventCountry "ISR"]
[SourceTitle "playchess.com"]
[Source "ChessBase"]
[SourceQuality "1"]
[TimeControl "40/5400+30:1800+30"]

1. e4 c5 2. Nf3 d6 3. d4 cxd4 4. Nxd4 Nf6 5. Nc3 Nc6 6. Bg5 Bd7 7. Be2 Qa5 8. Bxf6 gxf6 9. O-O Bg7 10. Nd5 e6 11. Ne3 Nxd4 12. Qxd4 Qc5 13. Rad1 Qxd4 14. Rxd4 f5 15. Rxd6 fxe4 16. Rfd1 Bc6 17. b4 Be5 18. b5 Bxd6 19. bxc6 Ke7 20. cxb7 Rad8 21. Nc4 Bc7 22. Rb1 Rd5 23. a4 Rb8 24. f3 f5 25. Kf2 exf3 26. Bxf3 Rc5 27. Be2 Bd8 28. Ke3 Rc7 29. Ne5 Kf6 30. Rb5 a6 31. Rc5 Rbxb7 32. Nc6 Rb6 33. Bf3 Be7 34. Rc4 Bd6 35. a5 Rb5 36. Rh4 h5 37. Nd4 Bc5 38. Rxh5 Ke5 39. c3 Rb3 40. Kd2 Bxd4 41. cxd4+ Kxd4 42. Rh4+ Ke5 43. Ra4 Rb2+ 44. Kd3 Rc5 45. h4 Rbb5 46. h5 Kf6 47. h6 Kg6 48. Rh4 Rc7 49. Rd4 Rxa5 50. Rd6 Kf6 51. Bc6 Rh7 52. Kc4 Rxh6 53. Kb4 Ra1 54. Ba4 Rh4+ 0-1

[Event "Gideon Japhet ACP Open 2018"]
[Site "Jerusalem"]
[Date "2018.07.03"]
[Round "4"]
[White "Boruchovsky, Avital"]
[Black "Gorodetzky, David"]
[Result "1-0"]
[ECO "D37"]
[WhiteElo "2558"]
[BlackElo "2460"]
[Annotator "ChessBase"]
[PlyCount "111"]
[EventDate "2018.07.01"]
[EventType "swiss"]
[EventCountry "ISR"]
[SourceTitle "playchess.com"]
[Source "ChessBase"]
[SourceQuality "1"]
[TimeControl "40/5400+30:1800+30"]

1. d4 Nf6 2. Nf3 e6 3. c4 d5 4. Nc3 dxc4 5. e3 a6 6. a4 c5 7. Bxc4 Nc6 8. O-O Be7 9. dxc5 Bxc5 10. Qe2 O-O 11. e4 e5 12. Rd1 Qb6 13. Bg5 Nd4 14. Nxd4 Bxd4 15. a5 Qc6 16. Bd5 Qd6 17. h3 Be6 18. Bxf6 gxf6 19. Bxb7 Ra7 20. Bd5 f5 21. Qf3 Rd7 22. Rd3 Bxd5 23. Nxd5 f4 24. Rad1 f5 25. Nc3 Qg6 26. exf5 Qxf5 27. Qe4 Qxe4 28. Nxe4 Rb7 29. Rb1 Rfb8 30. b3 Rc7 31. g3 Rf8 32. Kg2 fxg3 33. Rxg3+ Kh8 34. b4 Rc2 35. Rf3 Rb8 36. Rf6 Bb2 37. Rg1 Rg8+ 38. Kh1 Rxg1+ 39. Kxg1 Rc4 40. f3 Rxb4 41. Rxa6 Bd4+ 42. Kg2 Rb1 43. Rc6 Kg7 44. a6 Rg1+ 45. Kh2 Rf1 46. Kg3 Rg1+ 47. Kh4 Rf1 48. Kg4 h5+ 49. Kxh5 Rxf3 50. Rc7+ Kg8 51. Kg6 Kf8 52. Ng5 Ra3 53. Ne6+ Ke8 54. Nxd4 Rxa6+ 55. Nc6 e4 56. Kg7 1-0

[Event "Gideon Japhet ACP Open 2018"]
[Site "Jerusalem"]
[Date "2018.07.03"]
[Round "4"]
[White "Bagrationi, Alexander"]
[Black "Melia, Salome"]
[Result "1-0"]
[ECO "A61"]
[WhiteElo "2539"]
[BlackElo "2392"]
[Annotator "ChessBase"]
[PlyCount "117"]
[EventDate "2018.07.01"]
[EventType "swiss"]
[EventCountry "ISR"]
[SourceTitle "playchess.com"]
[Source "ChessBase"]
[SourceQuality "1"]
[TimeControl "40/5400+30:1800+30"]

1. d4 Nf6 2. c4 e6 3. Nf3 c5 4. d5 d6 5. Nc3 exd5 6. cxd5 g6 7. Bf4 Bg7 8. e3 O-O 9. h3 Qe7 10. Be2 Ne4 11. Nxe4 Qxe4 12. Bxd6 Rd8 13. Bxc5 Bxb2 14. Bd4 Bxd4 15. Qxd4 Qxd4 16. Nxd4 Rxd5 17. Rc1 Nd7 18. O-O Nf6 19. Bf3 Ra5 20. Rc2 Rb8 21. Rb1 Nd7 22. Rc7 Nb6 23. Nb5 Na8 24. Rc3 Rxa2 25. Bd5 Rd2 26. Nd4 Nb6 27. Bb3 Bd7 28. Kf1 Re8 29. Rc7 Re7 30. Kg1 Re5 31. Nf3 Red5 32. Nxd2 Rxd2 33. Rxb7 Nc8 34. Rd1 Rxd1+ 35. Bxd1 Be6 36. Bb3 Nd6 37. Rb8+ Kg7 38. Bxe6 fxe6 39. Rd8 Nb5 40. Rd7+ Kf6 41. Rb7 a6 42. Rb6 Nc7 43. Rc6 Nd5 44. Rxa6 h5 45. h4 Kf5 46. Kh2 Nc3 47. Ra5+ Kf6 48. f3 Nd5 49. e4 Nf4 50. Kg3 Nd3 51. Ra3 Nc5 52. Rc3 Nd7 53. f4 e5 54. Kf3 exf4 55. Kxf4 Ne5 56. Ra3 Ng4 57. Ra6+ Kf7 58. e5 Kg7 59. Ra8 1-0

[Event "Gideon Japhet ACP Open 2018"]
[Site "Jerusalem"]
[Date "2018.07.03"]
[Round "4"]
[White "Steinberg, Nitzan"]
[Black "Kudischewitsch, David"]
[Result "1/2-1/2"]
[ECO "B01"]
[WhiteElo "2521"]
[BlackElo "2356"]
[Annotator "ChessBase"]
[PlyCount "126"]
[EventDate "2018.07.01"]
[EventType "swiss"]
[EventCountry "ISR"]
[SourceTitle "playchess.com"]
[Source "ChessBase"]
[SourceQuality "1"]
[TimeControl "40/5400+30:1800+30"]

1. e4 d5 2. exd5 Qxd5 3. Nc3 Qd6 4. d4 Nf6 5. Nf3 c6 6. Be3 Bf5 7. Bd3 Bxd3 8. Qxd3 Nbd7 9. O-O-O e6 10. Rhe1 Be7 11. h3 h6 12. Kb1 O-O-O 13. Ne4 Nxe4 14. Qxe4 Qd5 15. Qd3 Bd6 16. c4 Qf5 17. Qxf5 exf5 18. c5 Bc7 19. d5 cxd5 20. Rxd5 g6 21. Kc2 Rde8 22. Red1 Nf6 23. R5d3 Ne4 24. b4 a6 25. a4 Rd8 26. Kb3 Rxd3+ 27. Rxd3 Re8 28. Kc4 f4 29. Bd4 g5 30. b5 f5 31. b6 Bb8 32. Nd2 Be5 33. f3 Nxd2+ 34. Rxd2 Bxd4 35. Rxd4 Re2 36. Rd6 Rxg2 37. Rxh6 g4 38. hxg4 fxg4 39. fxg4 f3 40. Rf6 Rxg4+ 41. Kd5 Rxa4 42. Rxf3 Rh4 43. Rf5 Rh8 44. Rf7 Rh5+ 45. Kd6 Rh6+ 46. Ke7 Rh8 47. Rf6 Rg8 48. Ke6 Rh8 49. Kd5 Rd8+ 50. Kc4 Rd1 51. Rf8+ Rd8 52. Rf7 Rd1 53. Rf8+ Rd8 54. Rf1 Rd2 55. Kc3 Rd5 56. Rf8+ Rd8 57. Rf6 Rd1 58. Kc4 Rc1+ 59. Kd5 Rd1+ 60. Ke5 Re1+ 61. Kd6 Rd1+ 62. Ke7 Re1+ 63. Kd6 Rd1+ 1/2-1/2